 Dungeon Crawl Stone Soup version 0.26-a0-487-gbff1e92059 (webtiles) character file.

Game seed: 7438052832913218617

336 ANON1729 the Cudgeler (level 6, -6/62 HPs)
             Began as a Troll Berserker on Aug 2, 2020.
             Was a Priest of Trog.
             Mangled by an ogre
             ... wielding a cursed +0 giant spiked club
              (28 damage)
             ... on level 3 of the Dungeon.
             The game lasted 00:03:38 (2609 turns).

ANON1729 the Cudgeler (Troll Berserker)             Turns: 2609, Time: 00:03:38

Health: -6/62      AC:  6    Str: 27    XL:     6   Next: 28%
Magic:  5/5        EV: 11    Int:  4    God:    Trog [***...]
Gold:   217        SH:  0    Dex:  9    Spells: 5/5 levels left

rFire    . . .     SeeInvis .   a - +0 mace
rCold    . . .     Faith    .   (no shield)
rNeg     . . .     Spirit   .   b - +0 animal skin
rPois    .         Reflect  .   (helmet restricted)
rElec    .         Harm     .   (no cloak)
rCorr    .                      (gloves unavailable)
MR       .....                  (boots unavailable)
Stlth    +.........             (no amulet)
HPRegen  0.60/turn              (no ring)
MPRegen  0.09/turn              (no ring)

@: no status effects
A: large, unfitting armour, claws 3, regeneration 1, shaggy fur 1, tough skin 3
a: Berserk, Trog's Hand, Renounce Religion


You were on level 3 of the Dungeon.
You worshipped Trog.
Trog was most pleased with you.
You visited 1 branch of the dungeon, and saw 4 of its levels.

You collected 217 gold pieces.

Inventory:

Hand Weapons
 a - a +0 mace (weapon)
Armour
 b - a +0 animal skin (worn)
Jewellery
 e - a +6 ring of dexterity {unknown}
 h - a +4 ring of protection {unknown}
 n - an uncursed ring of stealth {unknown}
Scrolls
 c - 2 scrolls of enchant weapon {unknown}
 g - 4 scrolls of identify {unknown}
 i - 2 scrolls of blinking {unknown}
 j - 3 scrolls of enchant armour {unknown}
 m - 2 scrolls of immolation {unknown}
 q - a scroll of teleportation {unknown}
 r - 2 scrolls of remove curse {unknown}
 v - 2 scrolls of amnesia {unknown}
 w - a scroll of noise {unknown}
Potions
 d - 2 potions of brilliance {unknown}
 f - 4 potions of curing {unknown}
 k - 3 potions of invisibility {unknown}
 l - 2 potions of haste {unknown}
 o - a potion of flight {unknown}
 p - 2 potions of stabbing {unknown}
 s - a potion of might {unknown}
 t - a potion of lignification {unknown}
 u - 2 potions of resistance {unknown}


   Skills:
 * Level 4.1 Fighting
 * Level 4.5 Maces & Flails
 + Level 3.4 Dodging


You had 5 spell levels left.
You didn't know any spells.
Your spell library was empty.

Dungeon Overview and Level Annotations

Branches:
Dungeon (4/15)
 Temple: D:4-7

Altars:
Qazlal
Ru
Xom
Yredelemnul
The Shining One

Annotations:
D:3 Pikel


Innate Abilities, Weirdness & Mutations

You are too large for most types of armour.
You have claws for hands.
Your natural rate of healing is unusually fast.
You are covered in fur. (AC +1)
You have extremely tough skin. (AC +3)


Message History

Anything else - Cancel.
Okay, then.
Unknown command.
You climb downwards.
Level annotation: Pikel A lemure comes into view.
The lemure shouts!
Pikel closely misses you.
The ogre hits you with a cursed +0 giant spiked club!!
The orc hits you with a +0 war axe. The lemure barely misses you.
Pikel hits you but does no damage. The lemure barely misses you.
There is a stone staircase leading up, spattered with blood here.
Unknown command.
The orc hits you but does no damage. The ogre barely misses you.
Pikel barely misses you. The lemure barely misses you. x2
You climb upwards.
There is a stone staircase leading down, spattered with blood here.
You barely miss the orc. The orc hits you with a +0 war axe!
The ogre hits you with a cursed +0 giant spiked club!!
You die...

#.#.......########
#.#.....###
#.#.....#
#.#.....#
#.#.....#
#.#.....#
#.#.....#####
#O#.###.....######
#@5K..'.....'.))).
#o#5###.....######
#.#.# #.....#
#.#.# #.....#
#.#.###########
#.#...........##
#.######.......#
#[# #.(.....# #.#
#.......#


You could see Pikel, an ogre, 2 lemures and an orc.

Vanquished Creatures
  An ogre (D:3)
  A lemure (D:3)
  An orc priest (D:3)
  An iguana (D:2)
  Natasha (D:3)
  4 gnolls (D:3)
  4 adders
  3 oozes
  2 worms
  2 dart slugs
  2 leopard geckos (D:1)
  8 orcs (D:3)
  2 ball pythons
  10 bats
  4 giant cockroaches
  7 goblins
  4 hobgoblins
  3 jackals (D:1)
  5 kobolds
  A quokka (D:3)
  A frilled lizard (D:3)
  5 rats
72 creatures vanquished.

Notes
Turn   | Place    | Note
-------+----------+-------------------------------------------
     0 | D:1      | ANON1729 the Troll Berserker began the quest for the Orb.
     0 | D:1      | Reached XP level 1. HP: 22/22 MP: 0/0
   102 | D:1      | Reached XP level 2. HP: 26/29 MP: 1/1
   649 | D:1      | Reached XP level 3. HP: 35/36 MP: 2/2
   868 | D:2      | Reached ** piety under Trog
   872 | D:2      | Reached XP level 4. HP: 20/45 MP: 3/3
  1042 | D:2      | Found a glowing golden altar of the Shining One.
  1110 | D:2      | Found a shimmering altar of Xom.
  1121 | D:2      | Found a basalt altar of Yredelemnul.
  1132 | D:2      | Found a stormy altar of Qazlal.
  1961 | D:3      | Reached XP level 5. HP: 46/53 MP: 4/4
  2020 | D:3      | Noticed an ogre
  2029 | D:3      | Killed an ogre
  2109 | D:3      | Reached XP level 6. HP: 62/62 MP: 5/5
  2323 | D:3      | Found a sacrificial altar of Ru.
  2391 | D:4      | Noticed Natasha
  2396 | D:4      | Noticed Pikel
  2407 | D:3      | Killed Natasha
  2473 | D:3      | Reached *** piety under Trog
  2609 | D:3      | Mangled by an ogre

Illustrated notes

Levels and vault maps discovered:
D:1:      evilmike_arrival_plus, layout_basic, grunt_decor_cap,
          minmay_pentomino_q4
D:2:      layout_basic, grunt_temple_overflow_open, lemuel_doored_altar,
          overflow_temple_1_default
D:3:      layout_basic, nicolae_ru_awakened_eye
D:4:      layout_cave_pools, lemuel_round_altar, lemuel_crystal_altar,
          uniq_crazy_yiuf_cottage, uniq_pikel, uniq_natasha

Skill      XL: |  1  2  3  4  5 |
---------------+----------------+-----
Maces & Flails | 3 4 |  4.5
Fighting       | 3 4 |  4.1
Dodging        | 3 |  3.4

Action                   |  1- 3 |  4- 6 || total
-------------------------+-------+-------++-------
Melee: Mace              |    91 |   153 ||   244
Invok: Berserk           |     1 |     2 ||     3
 Stab: Sleeping          |     1 |     1 ||     2
Armor: Animal skin       |    51 |   154 ||   205
Dodge: Dodged            |    68 |   189 ||   257

Table legend: (Time is in decaauts)
 A = Elapsed time spent in this place.
 B = Non-inter-level travel time spent in this place.
 C = Inter-level travel time spent in this place.
 D = Time resting spent in this place.
 E = Time spent auto-exploring this place.
 F = Levels seen in this place.
 G = Mean time per level.
                   A        B        C        D        E       F      G
               +--------+--------+--------+--------+--------+-----+--------+
         Total |   2695 |   2635 |     60 |    234 |   1751 |   4 |  673.8 |
       Dungeon |   2695 |   2635 |     60 |    234 |   1751 |   4 |  673.8 |
               +--------+--------+--------+--------+--------+-----+--------+

Top non-repeatable levels by time:
     D:2: 921 daAuts
     D:3: 920 daAuts
     D:1: 840 daAuts
     D:4: 13 daAuts
